 Dungeon Crawl Stone Soup version 0.31-a0-557-g6e16503903 (webtiles) character file.

Game seed: 12214285787517612593

75 mdonais the Shooter (level 4, 0/30 HPs)
             Began as an Octopode Hunter on Aug 16, 2023.
             Killed from afar by an orc wizard (10 damage)
             ... with a puff of flame
             ... on level 3 of the Dungeon.
             The game lasted 00:04:03 (1636 turns).

mdonais the Shooter (Octopode Hunter)               Turns: 1636, Time: 00:04:03

Health: 0/30       AC:  1    Str: 10    XL:     4   Next: 31%
Magic:  4/4        EV: 13    Int: 11    God:
Gold:   193        SH:  5    Dex: 17    Spells: 3/3 levels left

rFire   . . .        f - +0 longbow
rCold   . . .        (shield currently unavailable)
rNeg    . . .        (helmet restricted)
rPois   .            c - amulet of reflection
rElec   .            d - ring of wizardry
rCorr   .            (no ring)
SInv    .            (no ring)
Will    .....        (no ring)
Stlth   ++++         (no ring)
HPRegen 0.25/turn    (no ring)
MPRegen 0.09/turn    (no ring)
                     (no ring)

%: reflection, wizardry (x1)
@: no status effects
A: almost no armour, amphibious, 8 rings, camouflage 1, gelatinous body 1,
(nimble swimmer 1), tentacles
a: no special abilities


You were on level 3 of the Dungeon.
You visited 1 branch of the dungeon, and saw 3 of its levels.

You collected 193 gold pieces.

Inventory:

Hand Weapons
 a - a +0 shortbow
 f - a +0 longbow (weapon)
   (You found it on level 1 of the Dungeon)
Magical Staves
 k - a staff of earth
   (You found it on level 3 of the Dungeon)
Jewellery
 c - an amulet of reflection (around mantle)
   (You found it on level 1 of the Dungeon)
 d - a ring of wizardry (left tentacle)
   (You found it on level 1 of the Dungeon)
Scrolls
 b - a scroll of butterflies
 e - 2 scrolls of teleportation {unknown}
 g - a scroll of silence {unknown}
 i - a scroll of enchant weapon {unknown}
 j - a scroll of amnesia {unknown}
Potions
 h - 2 potions of curing {unknown}


   Skills:
 + Level 2.9 Fighting
 + Level 4.5 Ranged Weapons
 - Level 2.0 Dodging
 - Level 4.0 Stealth


You had 3 spell levels left.
You didn't know any spells.
Your spell library was empty.

Dungeon Overview and Level Annotations

Branches:
Dungeon (3/15) Zot: 16318

Altars:


Innate Abilities, Weirdness & Mutations

You cannot wear most types of armour.
You are amphibious.
You can wear up to eight rings at the same time.
Your skin changes colour to match your surroundings (Stealth+).
Your rubbery body absorbs attacks. (AC +1, EV +1)
((You are camouflaged when in or above water. (Stealth+)))
You have tentacles for arms and can constrict up to eight enemies at once.


Message History

You are too injured to fight recklessly!
You are too injured to fight recklessly!
You are too injured to fight recklessly!
You are too injured to fight recklessly!
You are too injured to fight recklessly!
You are too injured to fight recklessly!
Fire: f) +0 longbow
Press: ? - help, Q - select action Shift-Dir - straight line, f/p - adder
Aim: an adder (severely wounded, 42% to hit)
You shoot an arrow. The arrow hits the adder!
You kill the adder!
You feel sick.
Training target 4.0 for Stealth reached!
Your Stealth skill increases to level 4!
You take 1 damage, and have 14/30 hp.
You feel sick.
You feel sick.
You feel sick.
You feel sick.
You feel sick.
You are no longer poisoned.
HP restored.
You see here an adder corpse.
You open the door.
A hobgoblin comes into view.
Health restored: 30 You shoot an arrow.
The arrow hits the hobgoblin!
You kill the hobgoblin!
No target in view!
No target in view!
Found a mace.
There is an open door here.
You open the door.
There is an open door here.
There is a stone staircase leading up here.
There is a stone staircase leading down here.
There is a stone staircase leading down here.
Done exploring.
Done exploring.
Done exploring.
Done exploring.
Done exploring.
Done exploring.
There is a stone staircase leading down here.
You climb downwards.
There is a stone staircase leading up here.
A ball python comes into view.
A ball python is nearby!
You shoot an arrow. The arrow hits the ball python!
You kill the ball python!
No target in view!
No target in view!
Found an escape hatch in the floor.
There is an escape hatch in the floor here.
An endoplasm comes into view.
You shoot an arrow.
The arrow hits the endoplasm but does no damage.
The endoplasm quivers.
You shoot an arrow. The arrow hits the endoplasm!
You kill the endoplasm!
No target in view!
No target in view!
No target in view!
Found a stone staircase leading down.
Found a short sword.
k - a staff of earth You see here a +0 short sword.
A goblin comes into view. It is wielding a +0 club.
A goblin is nearby!
A goblin is nearby!
You shoot an arrow. The arrow hits the goblin.
You kill the goblin!
No target in view!
No target in view!
No target in view!
No target in view!
You open the door.
A bat comes into view.
You shoot an arrow.
The arrow hits the bat but does no damage.
The bat barely misses you.
You shoot an arrow. The arrow closely misses the bat.
The bat closely misses you.
You shoot an arrow. The arrow barely misses the bat.
The bat misses you.
You shoot an arrow. The arrow hits the bat!
You kill the bat!
No target in view!
No target in view!
No target in view!
There is an open door here.
There is an open door here.
You see here a +0 club.
A bat comes into view.
Search for what [? for help]? altar Can't find anything matching that.
A bat is nearby!
A bat is nearby!
A bat is nearby!
A bat is nearby!
You shoot an arrow. The arrow hits the bat!
You kill the bat!
No target in view!
No target in view!
No target in view!
You now have 179 gold pieces (gained 11).
You now have 193 gold pieces (gained 14).
You open the door.
An endoplasm comes into view.
An endoplasm is nearby!
You shoot an arrow.
The arrow hits the endoplasm but does no damage.
The endoplasm quivers.
You shoot an arrow.
The arrow hits the endoplasm but does no damage.
You shoot an arrow. The arrow hits the endoplasm!
You kill the endoplasm!
No target in view!
No target in view!
No target in view!
No target in view!
No target in view!
No target in view!
No target in view!
No target in view!
No target in view!
An orc wizard and an orc priest come into view.
There are monsters nearby!
There are monsters nearby!
You shoot an arrow. The arrow hits the orc priest.
The orc priest is moderately wounded.
The orc wizard shouts!
The orc wizard gestures at you while chanting.
You resist with some effort.
An orc priest comes into view. It is wielding a +0 hand axe.
An orc comes into view. It is wielding a +0 dagger.
You shoot an arrow. The arrow barely misses the orc priest.
The orc priest shouts!
The orc shouts!
The arrow hits the orc priest but does no damage.
You hear a shout!
You shoot an arrow. The arrow hits the orc priest.
The orc priest is heavily wounded.
The orc priest mumbles some strange prayers to Beogh against you.
Pain shoots through your body!
An orc comes into view. It is wielding a +0 whip.
You shoot an arrow. The arrow barely misses the orc priest.
The orc priest calls down the wrath of Beogh upon you.
Beogh smites you!
The orc wizard gestures at you while chanting.
The puff of flame hits you!
You die...

##############
#............#
#.........##.#
#.........##)##
#######.........###.#
......'.........+
#.## #
#######.........#
##.# # #.........#
#.###
#@..........###.#.
#...†......## #...
#.o.........# ##'#
#..o.......## #...
#...oo.....# #...
#..........# #.≈.
#......... #.≈.
#.....o... #.≈. #...


You could see 2 orc priests, an orc wizard and 2 orcs.

Vanquished Creatures
  An adder (D:2)
  3 dart slugs
  7 ball pythons
  6 bats
  6 endoplasms
  A giant cockroach (D:2)
  3 goblins
  5 hobgoblins
  5 jackals (D:1)
  3 quokkas (D:1)
  2 frilled lizards (D:1)
  7 kobolds
  2 rats
51 creatures vanquished.

Notes
Turn   | Place    | Note
-------+----------+-------------------------------------------
     0 | D:1      | mdonais the Octopode Hunter began the quest for the Orb.
     0 | D:1      | Reached XP level 1. HP: 14/14 MP: 1/1
    85 | D:1      | Reached XP level 2. HP: 17/19 MP: 2/2
   297 | D:1      | Reached XP level 3. HP: 25/25 MP: 3/3
  1363 | D:2      | Reached XP level 4. HP: 30/30 MP: 4/4
  1636 | D:3      | Killed from afar by an orc wizard

Illustrated notes

Levels and vault maps discovered:
D:1:      minmay_arrival_wavy_path, layout_basic, chequers_big_river,
          minmay_pentomino_u4
D:2:      layout_basic
D:3:      layout_basic, grunt_decor_clamped, uniq_robin, uniq_natasha

Skill      XL: |  1  2  3  4 |
---------------+-------------+-----
Stealth        | 2 3 4 |  4.0
Fighting       | |  2.9
Ranged Weapons | |  4.5
Dodging        | |  2.0

Action                     |  1- 3 |  4- 6 || total
---------------------------+-------+-------++-------
   Fire: Shortbow          |    64 |       ||    64
         Longbow           |    45 |    24 ||    69
 Armour: Skin              |     2 |       ||     2
  Dodge: Dodged            |    37 |     7 ||    44
  Block: Other             |     9 |     2 ||    11

Table legend: (Time is in decaauts)
 A = Elapsed time spent in this place.
 B = Non-inter-level travel time spent in this place.
 C = Inter-level travel time spent in this place.
 D = Time resting spent in this place.
 E = Time spent auto-exploring this place.
 F = Levels seen in this place.
 G = Mean time per level.
                   A        B        C        D        E       F      G
               +--------+--------+--------+--------+--------+-----+--------+
         Total |   1680 |   1649 |     31 |      0 |   1374 |   3 |  560.0 |
       Dungeon |   1680 |   1649 |     31 |      0 |   1374 |   3 |  560.0 |
               +--------+--------+--------+--------+--------+-----+--------+

Top non-repeatable levels by time:
     D:2: 900 daAuts
     D:1: 690 daAuts
     D:3: 90 daAuts
